 Dungeon Crawl Stone Soup version 0.22.0-27-ga576289601 (webtiles) character file.

136 Banto the Poker (level 4, -4/33 HPs)
             Began as a Demonspawn Gladiator on Aug 22, 2018.
             Slain by Natasha (9 damage)
             ... on level 2 of the Dungeon.
             The game lasted 00:01:50 (1828 turns).

Banto the Poker (Demonspawn Gladiator)              Turns: 1828, Time: 00:01:50

Health: -4/33      AC:  3    Str: 14    XL:     4   Next: 98%
Magic:  4/4        EV: 12    Int: 10    God:
Gold:   155        SH:  0    Dex: 15    Spells: 3/3 levels left

rFire    . . .     SeeInvis .   a - +0 trident
rCold    . . .     Gourm    .   (no shield)
rNeg     . . .     Faith    .   b - +0 leather armour
rPois    .         Spirit   .   (helmet restricted)
rElec    .         Reflect  .   (no cloak)
rCorr    .         Harm     .   (no gloves)
MR       .....                  (no boots)
Stlth    +.........             (no amulet)
HPRegen  0.11/turn              (no ring)
MPRegen  0.09/turn              (no ring)

@: slowed, very slow
A: antennae 1, rot immunity
a: no special abilities


You were on level 2 of the Dungeon.
You were not hungry.

You visited 1 branch of the dungeon, and saw 2 of its levels.

You collected 155 gold pieces.

Inventory:

Hand Weapons
 a - a +0 trident (weapon)
Missiles
 d - 3 throwing nets (quivered)
Armour
 b - a +0 leather armour (worn)
Scrolls
 c - a scroll of fog {unknown}
 e - a scroll of teleportation {unknown}
 h - a scroll of magic mapping {unknown}
 j - a scroll of fear {unknown}
 m - a scroll of enchant weapon {unknown}
Potions
 g - a potion of agility
 i - a potion of might {unknown}
 k - 2 potions of heal wounds {unknown}
 l - 3 potions of brilliance {unknown}
Comestibles
 f - 3 rations
 n - 2 chunks of flesh


   Skills:
 - Level 2.0 Fighting
 + Level 5.2 Polearms
 - Level 1.7 Throwing
 - Level 2.6 Dodging


You had 3 spell levels left.
You didn't know any spells.
Your spell library was empty.

Dungeon Overview and Level Annotations

Branches:
Dungeon (2/15)

Altars:

Annotations:
D:2 Natasha


Innate Abilities, Weirdness & Mutations

You have a pair of small antennae on your head.
You are immune to rotting.


Message History

You barely miss Natasha.
Natasha is lightly wounded.
Natasha mumbles some strange words.
You completely miss Natasha.
Natasha is lightly wounded.
Natasha claws you.
The crimson imp blinks!
Natasha casts a spell at you.
You feel yourself slow down.
You closely miss Natasha.
Natasha is lightly wounded.
Natasha mumbles some strange words.
You miss Natasha.
Natasha is lightly wounded.
Natasha stares at you and mumbles some strange words.
The magic dart hits you! The shadow imp gestures at you.
Pain shoots through your body!
* * * LOW HITPOINT WARNING * * *
Natasha claws you!
You die...

...#...##.#
#.#.....#######
...#...##.#
#.#.....##
.###...##.#
#........#
+########.#
#........# ..# #.#
#........#.# ..#
#.#.######.## >.#
#.#.#....h..# ###
#.#.#.......#
..####.#@#.......#
..'....5h#.......#
..####5..........#
.......##.......#
.......##########
.........
.........
.###..... #......


You could see Natasha, a crimson imp and a shadow imp.

Vanquished Creatures
  Natasha (twice) (D:2)
  3 gnolls (D:2)
  An adder (D:2)
  A dart slug (D:1)
  A leopard gecko (D:2)
  A ball python (D:1)
  5 bats
  2 giant cockroaches
  7 goblins
  9 hobgoblins
  3 jackals (D:1)
  2 frilled lizards
  3 kobolds
  7 rats
47 creatures vanquished.

Notes
Turn   | Place    | Note
-------+----------+-------------------------------------------
     0 | D:1      | Banto the Demonspawn Gladiator began the quest for the Orb.
     0 | D:1      | Reached XP level 1. HP: 16/16 MP: 1/1
    32 | D:1      | Reached skill level 3 in Polearms
    66 | D:1      | Gained mutation: You are immune to rotting. [demonic ancestry]
    66 | D:1      | Reached XP level 2. HP: 14/22 MP: 2/2
   919 | D:2      | Gained mutation: You have a pair of small antennae on your head. [demonic ancestry]
   919 | D:2      | Reached XP level 3. HP: 27/27 MP: 3/3
   970 | D:2      | Reached skill level 4 in Polearms
  1179 | D:2      | Noticed Natasha
  1190 | D:2      | Killed Natasha
  1190 | D:2      | Reached XP level 4. HP: 9/33 MP: 4/4
  1798 | D:2      | Noticed Natasha
  1807 | D:2      | Killed Natasha
  1807 | D:2      | Reached skill level 5 in Polearms
  1816 | D:2      | Noticed Natasha
  1828 | D:2      | Slain by Natasha

Skill      XL: |  1  2  3  4 |
---------------+-------------+-----
Polearms       | 3 4 5 |  5.2
Fighting       | |  2.0
Throwing       | |  1.7
Dodging        | |  2.6

Action                   |  1- 3 |  4- 6 || total
-------------------------+-------+-------++-------
Melee: Trident           |   153 |    38 ||   191
  Eat: Chunk             |     1 |     2 ||     3
Armor: Leather armour    |    27 |     3 ||    30
Dodge: Dodged            |    91 |     9 ||   100
